 Dungeon Crawl Stone Soup version 0.30.0-10-gfe55d96785 (webtiles) character file.

Game seed: 17620206954591013738

4194 ryw the Fighter (level 10, -6/76 HPs)
             Began as a Demonspawn Monk on May 15, 2023.
             Was a Believer of Hepliaklqana.
             Mangled by a brown ugly thing (10 damage)
             ... on level 7 of the Dungeon.
             The game lasted 00:09:42 (6190 turns).

ryw the Fighter (Demonspawn Monk)                   Turns: 6190, Time: 00:09:42

Health: -6/76      AC: 15    Str: 16    XL:     10   Next: 8%
Magic:  8/10       EV:  3    Int: 15    God:    Hepliaklqana [**....]
Gold:   362        SH:  0    Dex: 22    Spells: 9/9 levels left

rFire   . . .        D - +5 morningstar (freeze)
rCold   . . .        c - orb {light}
rNeg    + . .        w - +0 crystal plate armour
rPois   .            (helmet restricted)
rElec   .            f - +0 cloak
rCorr   .            (no gloves)
SInv    .            (no boots)
Will    .....        (no amulet) Stlth
                     p - +6 ring of dexterity
HPRegen 0.32/turn    v - ring of Isiupub {rN+ Int+4}
MPRegen 0.12/turn

%: no passive effects
@: about to teleport, corroded, on berserk cooldown, attractive, slowed,
glowing, very slow
A: reduced essence, antennae 2, icy blue scales 2, ignite blood 1
a: Renounce Religion, Ancestor Life: Knight, Ancestor Life: Battlemage, Ancestor
Life: Hexer, Recall Ancestor, Ancestor Identity


You were on level 7 of the Dungeon.
You worshipped Hepliaklqana.
Hepliaklqana was pleased with you.
You visited 2 branches of the dungeon, and saw 8 of its levels.

You collected 362 gold pieces.

Inventory:

Hand Weapons
 b - a +2 whip of protection
 D - a +5 morningstar of freezing (weapon)
Missiles
 j - 15 poisoned darts (quivered)
Armour
 c - an orb of light (worn)
 f - a +0 cloak (worn)
 w - a +0 crystal plate armour (worn)
Jewellery
 a - a ring of flight
 k - a ring of resist corrosion
 m - a +6 ring of intelligence
 p - a +6 ring of dexterity (left hand)
 v - the ring of Isiupub (right hand) {rN+ Int+4}
   (You found it on level 4 of the Dungeon)

   [ring of positive energy]

   Int:       It affects your intelligence (+4).
   rN:        It protects you from negative energy.
 y - a +6 ring of dexterity
Wands
 l - a wand of charming (14)
 u - a wand of light (11)
Scrolls
 e - 4 scrolls of fog
 h - 3 scrolls of brand weapon
 n - 4 scrolls of teleportation
 o - a scroll of fear
 r - 2 scrolls of identify
 G - a scroll of magic mapping
Potions
 g - a potion of attraction
 i - a potion of lignification {unknown}
 q - 3 potions of mutation
 s - a potion of degeneration {unknown}
 t - a potion of haste
 x - 4 potions of brilliance
 A - a potion of might
 C - a potion of flight {unknown}
Miscellaneous
 F - a condenser vane


   Skills:
 - Level 10.0 Fighting
 + Level 6.1 Maces & Flails
 - Level 8.0 Armour
 - Level 3.0 Dodging
 - Level 2.6 Unarmed Combat


You had 9 spell levels left.
You didn't know any spells.
Your spell library contained the following spells:

 Spells                   Type           Power      Damage    Failure   Level
 Sublimation of Blood     Necr           0%         N/A       100%        2
 Wereblood                Tmut           0%         N/A       100%        2
 Call Canine Familiar     Summ           0%         N/A       100%        3
 Portal Projectile        Hex/Tloc       0%         N/A       100%        3
 Volatile Blastmotes      Fire/Tloc      0%         2d10      100%        3
 Fulminant Prism          Conj/Hex       0%         3d5       100%        4
 Iskenderun's Mystic Bla  Conj/Tloc      0%         2d3       100%        4
 Leda's Liquefaction      Hex/Erth       0%         N/A       100%        4
 Lee's Rapid Deconstruct  Erth           0%         3d4*      100%        5
 Summon Hydra             Summ           0%         N/A       100%        7


Dungeon Overview and Level Annotations

Branches:
Dungeon (7/15)             Temple (1/1) D:6

Altars:
Ashenzari
Cheibriados
Dithmenos
Fedhas
Gozag
Hepliaklqana
Makhleb
Nemelex Xobeh
Okawaru
Qazlal
Ru
Sif Muna
Trog
Uskayaw
Vehumet
Wu Jian
Xom
Yredelemnul

Annotations:
D:7 2 runed translucent doors


Innate Abilities, Weirdness & Mutations

Your life essence is reduced to manifest your ancestor. (-10% HP)
You have a pair of antennae on your head.
You are mostly covered in icy blue scales. (AC +3)
Your demonic aura sometimes causes spilled blood to erupt in flames.


Message History

The brown ugly thing trunk-slaps you.
You are splashed with acid!
* * * LOW HITPOINT WARNING * * *
You sock the brown ugly thing! You freeze the brown ugly thing.
You kill the brown ugly thing!
The brown ugly thing bites you but does no damage.
Your Maces & Flails skill increases to level 6!
You have reached level 10!
Your demonic ancestry asserts itself...
Icy blue scales spread over more of your body.
Izel remembers more of her old skill.
Okay, then.
Unknown command.
Unknown command.
It was a potion of attraction.
You feel attractive to monsters. The brown ugly thing bites you!
* * * LOW HITPOINT WARNING * * *
The acid corrodes you!
You are splashed with acid!
* * * LOW HITPOINT WARNING * * *
Okay, then.
You swap places.
Izel hits the brown ugly thing!
The brown ugly thing bites Izel!
Izel is splashed with acid.
The acid corrodes Izel!
It was a potion of berserk rage.
A red film seems to cover your vision as you go berserk!
You feel yourself moving faster!
You feel mighty!
Izel closely misses the brown ugly thing.
The brown ugly thing bites Izel.
Izel is splashed with acid!
You feel a strong urge to attack something.
Izel hits the brown ugly thing.
The brown ugly thing is attracted toward you.
You feel your anger nearly subside.
You are no longer berserk.
You are exhausted.
You feel yourself slow down.
As you read the scroll of teleportation, it crumbles to dust.
You feel strangely unstable.
The brown ugly thing bites you but does no damage.
Izel hits the brown ugly thing.
The brown ugly thing bites you!
You die...

......## #####R.#8....8#.# #..#.
#.##...# #...#..##8()8##.###.##.
#..#...####......u######......#..
.........##...###'# #'###..#.#
....))##.#...##†#.######.R.##...#
.............#.#.##)##.##.#.#..##
..##.........#.###..##.#.##.#..#
.............#R#..####.##R#.#..#
....#)[......#.#@##[##..###.#..#
.#..#........##u...####....##..#
.#............######..######...#
......#..............).......#.#
...####..........##....######..#
##.####....#>....#####........##
##.........#.....# ###[.#######
....##..........<###...##
#....###..........###..#


You could see a brown ugly thing.

Vanquished Creatures
  Pikel (D:3)
  An ugly thing (D:7)
  A gargoyle (D:7)
  A troll (D:7)
  A wraith (D:7)
  A wyvern (D:7)
  3 steam dragons
  A water moccasin (D:7)
  2 ice beasts
  2 sky beasts (D:7)
  2 black bears
  An ogre (D:5)
  2 centaurs
  A bullfrog (D:7)
  3 scorpions
  2 wights (D:7)
  5 orc priests
  An iron imp (D:4)
  2 jellies (D:7)
  Crazy Yiuf (D:4)
  3 hounds
  A sleepcap (D:7)
  2 iguanas (D:5)
  2 orc wizards
  10 adders
  A gnoll (D:1)
  5 worms
  3 dart slugs
  22 orcs
  8 endoplasms
  3 giant cockroaches
  7 goblins
  10 hobgoblins
  5 jackals
  6 quokkas
  6 ball pythons
  6 bats
  6 frilled lizards
  2 kobolds
  6 rats
148 creatures vanquished.

Vanquished Creatures (collateral kills)
  An orc warrior (D:6)
  2 wights (D:7)
3 creatures vanquished.

Vanquished Creatures (others)
  An orc (D:7)
1 creature vanquished.

Grand Total: 152 creatures vanquished

Notes
Turn   | Place    | Note
-------+----------+-------------------------------------------
     0 | D:1      | ryw the Demonspawn Monk began the quest for the Orb.
     0 | D:1      | Reached XP level 1. HP: 18/18 MP: 1/1
   174 | D:1      | Gained mutation: You are partially covered in icy blue
                  | scales. (AC +2) [demonic ancestry]
   174 | D:1      | Reached XP level 2. HP: 24/24 MP: 2/2
   317 | D:1      | Reached skill level 4 in Fighting
   418 | D:1      | Reached XP level 3. HP: 30/30 MP: 3/3
   882 | D:2      | Reached skill level 1 in Armour
  1078 | D:2      | Gained mutation: You have a pair of small antennae on your
                  | head. [demonic ancestry]
  1078 | D:2      | Reached XP level 4. HP: 20/38 MP: 4/4
  1454 | D:3      | Noticed a black bear
  1467 | D:3      | Killed a black bear
  1468 | D:3      | Reached skill level 5 in Fighting
  1468 | D:3      | Reached XP level 5. HP: 33/44 MP: 5/5
  1985 | D:3      | Gained mutation: You have a pair of antennae on your head.
                  | [demonic ancestry]
  1985 | D:3      | Reached XP level 6. HP: 30/51 MP: 6/6
  2063 | D:3      | Found a faded altar of an unknown god.
  2118 | D:4      | Found a snail-covered altar of Cheibriados.
  2160 | D:4      | Identified the ring of Isiupub {rN+ Int+4}
  2255 | D:4      | Reached skill level 6 in Fighting
  2303 | D:4      | Noticed Pikel
  2326 | D:3      | Killed Pikel
  2327 | D:3      | Reached skill level 7 in Fighting
  2327 | D:3      | Reached skill level 5 in Armour
  2327 | D:3      | Gained mutation: Your demonic aura sometimes causes spilled
                  | blood to erupt in flames. [demonic ancestry]
  2327 | D:3      | Reached XP level 7. HP: 49/60 MP: 7/7
  2523 | D:4      | Found a runed translucent door.
  2524 | D:4      | Noticed Crazy Yiuf
  2731 | D:4      | Found a blossoming altar of Fedhas.
  2952 | D:4      | Killed Crazy Yiuf
  2997 | D:5      | Entered Level 5 of the Dungeon
  3029 | D:5      | Reached XP level 8. HP: 60/67 MP: 8/8
  3095 | D:5      | Found a broken altar of Ashenzari.
  3148 | D:5      | Found a sacrificial altar of Ru.
  3218 | D:5      | Found a shimmering altar of Xom.
  3387 | D:5      | Found a burning altar of Makhleb.
  3416 | D:5      | Reached skill level 8 in Fighting
  4113 | D:6      | Noticed a +0 short sword
  4114 | D:6      | Noticed a +0 falchion
  4114 | D:6      | Noticed a +0 short sword
  4114 | D:6      | Noticed a +0 falchion
  4117 | D:6      | Noticed a +0 dagger
  4117 | D:6      | Noticed a +0 spear
  4117 | D:6      | Noticed a +0 spear
  4118 | D:6      | Noticed a +0 dagger
  4122 | D:6      | Found a hide-covered altar of Uskayaw.
  4228 | D:6      | Found a shadowy altar of Dithmenos.
  4305 | D:6      | Found a staircase to the Ecumenical Temple.
  4343 | Temple   | Entered the Ecumenical Temple
  4480 | Temple   | Became a worshipper of Hepliaklqana the Forgotten
  4480 | Temple   | Reached * piety under Hepliaklqana
  4480 | Temple   | Reached ** piety under Hepliaklqana
  5134 | D:7      | Reached skill level 9 in Fighting
  5209 | D:7      | Reached XP level 9. HP: 42/68 MP: 9/9
  5555 | D:7      | Found a large runed translucent door.
  5559 | D:7      | Found a large runed translucent door.
  5567 | D:7      | Noticed a brown ugly thing
  5567 | D:7      | Noticed a purple ugly thing
  5627 | D:7      | Reached skill level 10 in Fighting
  5627 | D:7      | Reached skill level 1 in Maces & Flails
  5673 | D:7      | Found a large runed translucent door.
  5673 | D:7      | Found a large runed translucent door.
  5816 | D:7      | Noticed a troll
  5820 | D:7      | Killed a troll
  5903 | D:7      | Noticed a gargoyle
  5910 | D:7      | Killed a gargoyle
  5911 | D:7      | Reached skill level 5 in Maces & Flails
  6090 | D:7      | Found a stormy altar of Qazlal.
  6182 | D:7      | Killed a brown ugly thing
  6183 | D:7      | Gained mutation: You are mostly covered in icy blue scales.
                  | (AC +3) [demonic ancestry]
  6183 | D:7      | Reached XP level 10. HP: 21/76 MP: 7/10
  6183 | D:7      | HP: 2/76 [acid (8)]
  6190 | D:7      | Mangled by a brown ugly thing

Illustrated notes

Levels and vault maps discovered:
D:1:      amcnicky_arrival_underground_garden, layout_rooms, chequers_arboretum,
          minmay_misc_feat_rows, minmay_misc_feat_pillars
D:2:      layout_basic
D:3:      layout_rooms, shapermc_ecumenical_altar_hornbeckon, serial_glass,
          glass_columns_a, glass_columns_a
D:4:      layout_rooms, lemuel_coloured_pillars_altar, slow_altar_1,
          minmay_goblin_outpost, uniq_pikel, uniq_crazy_yiuf_cottage
D:5:      layout_basic, nicolae_ashenzari_panopticon,
          mainiacjoe_overflow_24_doors, lemuel_doored_altar, bloody_makhleb,
          dk_noncrumbling_3, minmay_parallelograms
D:6:      layout_basic, nicolae_uskayaw_en_pointe,
          mainiacjoe_overflow_concentric_impassable, temple_green
D:7:      layout_cave_pools, marbit_many_paths, minmay_hollow_rounded_squares
Temple:   eino_wide_crystal_templ

Skill      XL: |  1  2  3  4  5  6  7  8  9 |
---------------+----------------------------+-----
Fighting       | 4 5 7 9 10 | 10.0
Dodging        | 3 |  3.0
Armour         | 1 2 3 5 7 8 |  8.0
Maces & Flails | 6 |  6.1
Unarmed Combat | |  2.6

Action                     |  1- 3 |  4- 6 |  7- 9 | 10-12 || total
---------------------------+-------+-------+-------+-------++-------
  Melee: War axe           |    59 |   102 |   104 |       ||   265
         Unarmed           |     1 |       |       |       ||     1
         Morningstar       |       |       |    44 |       ||    44
  Throw: Dart              |       |     8 |       |       ||     8
 Invoke: Recall Ancestor   |       |       |     1 |       ||     1
    Use: Potion            |       |     1 |     1 |     2 ||     4
         Scroll            |       |       |    15 |     1 ||    16
 Armour: Plate armour      |    47 |    81 |    23 |       ||   151
         Robe              |     2 |       |       |       ||     2
         Crystal plate arm |       |       |   141 |     1 ||   142
  Dodge: Dodged            |    22 |    36 |    22 |       ||    80
